 Dungeon Crawl Stone Soup version 0.30-a0-778-g2ef04afb54 (webtiles) character file.

Game seed: 5458803743268621180

46 Mickster the Magician (level 3, -11/27 HPs)
             Began as a Human Wanderer on Feb 17, 2023.
             Mangled by an ice beast (13 damage)
             ... on level 4 of the Dungeon.
             The game lasted 00:25:24 (2036 turns).

Mickster the Magician (Human Wanderer)              Turns: 2036, Time: 00:25:25

Health: -11/27     AC:  6    Str: 14    XL:     3   Next: 92%
Magic:  8/9        EV: 10    Int: 12    God:
Gold:   83         SH:  0    Dex: 12    Spells: 10/11 levels left

rFire   . . .      SeeInvis .    p - staff of poison
rCold   . . .      Faith    .    (no shield)
rNeg    . . .      Spirit   .    o - +0 ring mail
rPois   +          Reflect  .    (no helmet)
rElec   .          Harm     .    q - +0 cloak
rCorr   .          Rampage  .    (no gloves)
Will    .....                    (no boots)
Stlth   +                        (no amulet)
HPRegen 0.24/turn                (no ring)
MPRegen 0.11/turn                (no ring)

@: no status effects
A: no striking features
a: no special abilities


You were on level 4 of the Dungeon.
You visited 1 branch of the dungeon, and saw 3 of its levels.

You collected 83 gold pieces.

Inventory:

Hand Weapons
 a - a +0 club
 h - a +0 falchion
Missiles
 j - 13 stones
 n - 5 boomerangs (quivered)
Armour
 e - a +0 robe
 i - a +0 chain mail
 l - a +0 cloak
 o - a +0 ring mail (worn)
 q - a +0 cloak (worn)
Magical Staves
 p - a staff of poison (weapon)
Jewellery
 d - an amulet of regeneration
Scrolls
 b - a scroll of blinking
 k - 2 scrolls of identify
Potions
 c - 2 potions of curing
 f - 2 potions of might
 g - a potion of resistance
 m - a potion of cancellation


   Skills:
 + Level 2.0 Fighting
 * Level 0.7 Long Blades
 + Level 0.2 Armour
 + Level 0.1 Dodging
 + Level 2.1 Unarmed Combat
 + Level 4.6 Spellcasting
 + Level 0.7 Conjurations
 * Level 2.1 Fire Magic


You had 10 spell levels left.
You knew the following spells:

 Your Spells              Type           Power      Damage    Failure   Level
a - Foxfire               Conj/Fire      24%        2x1d5     24%         1

Your spell library contained the following spells:

 Spells                   Type           Power      Damage    Failure   Level
 Ignite Poison            Fire/Tmut/Pois 6%         N/A       67%         3
 Fireball                 Conj/Fire      3%         3d4       100%        5
 Iskenderun's Battlesphe  Conj           4%         2d6       100%        5
 Conjure Ball Lightning   Conj/Air       1%         3x3d6     100%        6
 Orb of Destruction       Conj           2%         9d5       100%        7


Dungeon Overview and Level Annotations

Branches:
Dungeon (2/15)

Altars:


Message History

The ice beast is lightly wounded.
The ice beast hits you but does no damage.
You barely miss the ice beast.
The ice beast is lightly wounded.
The ice beast misses you.
You hit the ice beast but do no damage.
The ice beast is lightly wounded.
The ice beast misses you.
You hit the ice beast.
The ice beast is moderately wounded.
The ice beast hits you but does no damage.
The ice beast hits you. The ice beast freezes you!
You hit the ice beast but do no damage.
The ice beast is moderately wounded.
The ice beast hits you. The ice beast freezes you!
* * * LOW HITPOINT WARNING * * *
You barely miss the ice beast.
The ice beast is moderately wounded.
The ice beast closely misses you.
You hit the ice beast.
The ice beast is moderately wounded.
The ice beast barely misses you.
You barely miss the ice beast.
The ice beast is moderately wounded.
The ice beast hits you but does no damage.
You barely miss the ice beast.
The ice beast is moderately wounded.
The ice beast barely misses you. x2
You hit the ice beast but do no damage.
The ice beast is moderately wounded.
The ice beast hits you but does no damage.
You hit the ice beast but do no damage.
The ice beast is moderately wounded.
The ice beast hits you but does no damage.
You hit the ice beast.
The ice beast is heavily wounded.
The ice beast hits you.
* * * LOW HITPOINT WARNING * * *
The ice beast freezes you!
You die...

#### ..#
#.# #@#
#Y# .
#.###....
#......#
###.###..
... ....
#####


You could see an ice beast.

Vanquished Creatures
  A gnoll (D:1)
  2 endoplasms
  A giant cockroach (D:1)
  3 goblins (D:1)
  3 hobgoblins
  6 jackals (D:1)
  2 kobolds
  2 quokkas (D:1)
  5 ball pythons
  3 bats
  A frilled lizard (D:1)
  5 rats (D:1)
34 creatures vanquished.

Vanquished Creatures (others)
  A demonic plant (D:2)
  20 foxfires
21 creatures vanquished.

Grand Total: 55 creatures vanquished

Notes
Turn   | Place    | Note
-------+----------+-------------------------------------------
     0 | D:1      | Mickster the Human Wanderer began the quest for the Orb.
     0 | D:1      | Mickster set off with the following items: a +0 club, a
                  | scroll of blinking, a potion of curing, a scroll of
                  | vulnerability, a +0 robe, a potion of might; and the
                  | following spell memorised: Foxfire; and the following
                  | spells available to memorise: Ignite Poison.
     0 | D:1      | Reached XP level 1. HP: 16/16 MP: 5/5
   198 | D:1      | Reached XP level 2. HP: 22/22 MP: 5/7
   523 | D:1      | Reached XP level 3. HP: 16/27 MP: 8/8
  2016 | D:2      | You fall into a shaft and drop 2 floors!
  2017 | D:4      | Noticed an ice beast
  2036 | D:4      | Mangled by an ice beast

Illustrated notes

Levels and vault maps discovered:
D:1:      roderic_dead_forest, layout_basic
D:2:      layout_basic, dreamdust_princess_corridor,
          ebering_dispersal_statue_hall, mrwooster_statue_mirror
D:4:      cheibrodos_barr_body, layout_basic, jmf_multi_god_temple,
          hangedman_decor_peaks_small

Action                     || total
---------------------------++-------
  Melee: Club              ||     7
         Falchion          ||    74
         Staff             ||    16
  Throw: Boomerang         ||     7
   Cast: Foxfire           ||    16
    Use: Potion            ||     6
         Scroll            ||     3
 Armour: Robe              ||    14
         Chain mail        ||    75
         Ring mail         ||     7
  Dodge: Dodged            ||    52

Table legend: (Time is in decaauts)
 A = Elapsed time spent in this place.
 B = Non-inter-level travel time spent in this place.
 C = Inter-level travel time spent in this place.
 D = Time resting spent in this place.
 E = Time spent auto-exploring this place.
 F = Levels seen in this place.
 G = Mean time per level.
                   A        B        C        D        E       F      G
               +--------+--------+--------+--------+--------+-----+--------+
         Total |   2044 |   2035 |      9 |    903 |      0 |   3 |  681.3 |
       Dungeon |   2044 |   2035 |      9 |    903 |      0 |   3 |  681.3 |
               +--------+--------+--------+--------+--------+-----+--------+

Top non-repeatable levels by time:
     D:1: 1646 daAuts
     D:2: 375 daAuts
     D:4: 22 daAuts
